Map: [ESL] Inside and Out

Players

Creature

  • Race: Protoss Protoss
  • Spawn Location: 1:00

Vindicta - Winner!

  • Race: Terran Terran
  • Spawn Location: 7:00

Event: DreamHack SC2 Masters 2022 Atlanta (Online)

VOD

Have the link to the VOD?

Description

Time

  • Played on: Oct. 5, 2022, 4:30 p.m.
  • Length: 11:44

All games in this series

Show
View Real Time Build Order
Export as new Build Order

Creature Protoss 

Build Orders: Phoenix Opening, Colossus Rush 

Get SALT Encoding   

  12  0:00  Probe  
  13  0:12  Probe  
  14  0:17  Pylon  
  14  0:24  Probe (Chrono Boost)  
  15  0:36  Gateway  
  15  0:37  Probe (Chrono Boost)  
  16  0:44  Probe (Chrono Boost)  
  16  0:46  Assimilator  
  17  0:51  Probe  
  17  0:54  Assimilator  
  18  1:03  Probe (Chrono Boost)  
  19  1:07  Pylon  
  19  1:13  Probe (Chrono Boost)  
  19  1:17  Probe (Chrono Boost)  
  20  1:24  Cybernetics Core  
  21  1:29  Probe  
  21  1:31  Zealot  
  24  1:41  Probe  
  25  2:00  Stargate  
  25  2:01  Adept (Chrono Boost)  
  27  2:16  Nexus  
  27  2:23  Adept (Chrono Boost), Warp Gate  
  27  2:27  Probe  
  30  2:35  Pylon  
  30  2:42  Probe  
  31  2:50  Phoenix (Chrono Boost)  
  31  2:54  Probe  
  32  3:06  Probe  
  33  3:14  Phoenix (Chrono Boost)  
  33  3:18  Probe  
  36  3:28  Robotics Facility  
  36  3:31  Probe x2 (Chrono Boost)  
  38  3:35  Phoenix  
  40  3:43  Probe (Chrono Boost)  
  42  3:48  Probe (Chrono Boost)  
  42  3:50  Probe (Chrono Boost)  
  42  3:54  Probe (Chrono Boost)  
  42  3:55  Gateway  
  44  3:57  Probe  
  45  4:03  Phoenix  
  45  4:06  Probe  
  45  4:09  Probe  
  49  4:19  Robotics Bay, Probe  
  49  4:20  Assimilator  
  49  4:21  Probe  
  49  4:22  Assimilator  
  49  4:23  Pylon  
  52  4:24  Observer (Chrono Boost)  
  52  4:31  Shield Battery, Probe  
  53  4:34  Probe  
  53  4:37  Pylon  
  54  4:42  Phoenix  
  54  4:43  Probe  
  57  4:46  Probe  
  56  4:54  Immortal (Chrono Boost)  
  56  4:55  Probe  
  61  5:02  Stalker  
  61  5:04  Probe  
  61  5:05  Pylon  
  64  5:11  Phoenix, Probe  
  67  5:23  Colossus (Chrono Boost), Pylon  
  73  5:38  Nexus  
  73  5:46  Phoenix  
  73  5:48  Probe  
  76  5:55  Probe  
  77  6:01  Probe  
  78  6:06  Shield Battery  
  78  6:07  Pylon  
  78  6:08  Zealot, Sentry  
  82  6:20  Phoenix  
  82  6:22  Probe  
  82  6:23  Probe  
  82  6:24  Extended Thermal Lance  
  84  6:29  Stalker  
  92  6:35  Probe  
  92  6:38  Probe, Pylon  
  94  6:49  Twilight Council, Probe  
  94  6:50  Probe, Forge  
  94  6:52  Probe  
  97  6:58  Gateway x2  
  97  7:02  Probe x2  
  97  7:03  Stalker  
  97  7:04  Probe  
  98  7:09  Colossus  
  98  7:11  Pylon  
  98  7:15  Zealot  
  88  7:27  Zealot  
  88  7:28  Probe  
  91  7:33  Probe x2  
  91  7:36  Phoenix  
  89  7:39  Charge (Chrono Boost)  
  89  7:40  Probe  
  89  7:43  Pylon  
  90  7:44  Zealot  
  90  7:45  Probe  
  93  7:51  Pylon  
  93  7:53  Protoss Ground Weapons Level 1 (Chrono Boost)  
  93  7:55  Pylon  
  93  8:01  Probe  
  93  8:02  Colossus (Chrono Boost), Probe  
  101  8:09  Probe  
  101  8:11  Pylon  
  101  8:12  Assimilator x2  
  102  8:13  Probe  
  103  8:20  Zealot x3  
  103  8:21  Zealot  
  103  8:23  Probe  
  112  8:28  Probe x2  
  112  8:33  Gateway  
  114  8:35  Gateway  
  114  8:40  Probe  
  115  8:43  Gateway, Pylon  
  115  8:44  Gateway, Pylon  
  115  8:45  Disruptor (Chrono Boost)  
  118  8:53  Templar Archives  
  118  8:55  Zealot x2  
  118  9:06  Zealot  
  118  9:07  Probe  
  117  9:12  Zealot  
  91  9:17  Colossus (Chrono Boost)  
  91  9:18  Zealot  
  91  9:20  Probe  
  88  9:29  Zealot x2  
  89  9:36  Zealot x2  
  83  9:39  Probe  
  80  9:51  Zealot x2  
  80  9:52  Zealot x3  
  88  9:53  Probe (Chrono Boost)  
  88  9:56  Assimilator  
  88  9:57  Probe (Chrono Boost)  
  88  9:58  Probe (Chrono Boost)  
  91  10:05  Probe (Chrono Boost)  
  91  10:06  High Templar x2  
  98  10:09  Probe x2 (Chrono Boost)  
  98  10:10  Archon, Probe (Chrono Boost)  
  99  10:17  High Templar  
  99  10:18  Zealot x3, Probe, High Templar  
  99  10:19  Probe x2  
  112  10:23  Archon  
  112  10:30  Probe  
  112  10:31  Probe  
  112  10:32  Probe  
  112  10:34  Pylon  
  115  10:42  Probe  
  116  10:44  Zealot x3  
  116  10:49  High Templar x2  
  125  10:52  Pylon  
  125  10:54  Archon  
  108  11:05  Probe  
  107  11:13  Zealot x4  
  107  11:14  Stalker  
  107  11:18  Probe  
  111  11:20  Probe x2  
  99  11:30  Probe  
  99  11:32  Probe, Stalker x2  
Show
View Real Time Build Order
Export as new Build Order

Vindicta Terran - Winner!

Build Orders: Reaper Expand 

Get SALT Encoding   

  12  0:01  SCV  
  13  0:13  SCV  
  14  0:18  Supply Depot  
  14  0:25  SCV  
  15  0:39  SCV  
  15  0:40  Barracks  
  16  0:43  Refinery  
  16  0:51  SCV  
  17  1:04  SCV  
  18  1:16  SCV  
  19  1:27  Reaper  
  19  1:29  Orbital Command  
  20  1:43  Command Center  
  20  1:57  Supply Depot  
  20  1:59  Marine  
  20  2:01  SCV  
  22  2:13  SCV  
  22  2:14  Factory  
  23  2:18  Marine  
  24  2:23  Bunker  
  24  2:31  SCV, Bunker  
  24  2:36  Marine  
  25  2:43  SCV  
  26  2:46  Refinery  
  26  2:57  Orbital Command  
  28  2:58  Widow Mine  
  28  2:59  SCV  
  29  3:10  Marine  
  29  3:11  SCV  
  30  3:17  Starport  
  32  3:20  Widow Mine  
  32  3:23  SCV  
  33  3:29  SCV  
  34  3:35  Barracks Reactor, Supply Depot  
  34  3:36  SCV  
  35  3:41  Factory Tech Lab  
  35  3:42  SCV  
  35  3:48  SCV  
  37  3:53  Viking  
  37  3:54  SCV  
  40  3:59  Cyclone  
  40  4:00  SCV  
  44  4:06  SCV  
  45  4:11  Marine x2  
  45  4:12  SCV  
  45  4:16  Supply Depot  
  47  4:18  SCV  
  47  4:19  Barracks  
  48  4:24  SCV  
  48  4:30  SCV, Marine x2  
  52  4:31  Engineering Bay  
  52  4:35  Starport Tech Lab  
  52  4:36  SCV  
  52  4:38  Cyclone  
  56  4:39  Supply Depot  
  56  4:42  SCV  
  57  4:48  SCV  
  55  4:54  SCV  
  55  4:55  Refinery  
  55  4:58  Terran Infantry Weapons Level 1, Marine x2  
  58  5:00  SCV  
  58  5:06  SCV  
  60  5:07  Barracks, Starport Reactor  
  60  5:09  Supply Depot  
  60  5:12  SCV  
  60  5:14  Stimpack, Marine  
  61  5:18  SCV  
  63  5:24  SCV, Marine x2  
  63  5:27  Factory Reactor  
  66  5:29  Refinery  
  66  5:31  SCV  
  66  5:32  Marine  
  67  5:36  Supply Depot  
  67  5:37  SCV  
  67  5:40  Missile Turret  
  67  5:42  Missile Turret  
  68  5:44  Medivac x2  
  68  5:45  Missile Turret  
  68  5:46  SCV  
  68  5:47  Marine  
  68  5:49  Marine  
  76  5:53  SCV  
  78  5:57  Marauder  
  78  5:59  Supply Depot  
  78  6:02  Combat Shield  
  80  6:04  Marauder  
  80  6:05  Widow Mine  
  80  6:09  Supply Depot  
  82  6:14  Widow Mine  
  82  6:15  Marine  
  82  6:16  Missile Turret  
  82  6:17  Marine  
  86  6:18  Marauder  
  86  6:24  Medivac  
  90  6:25  Medivac  
  90  6:26  Marauder  
  90  6:32  SCV  
  93  6:33  Marine  
  93  6:35  Marine  
  97  6:40  Marauder  
  98  6:47  Marauder  
  98  6:50  Marine  
  98  6:52  Marine  
  99  6:54  Medivac  
  99  6:56  Command Center  
  99  7:00  Marine  
  102  7:06  Concussive Shells  
  102  7:08  Supply Depot  
  91  7:18  Medivac  
  91  7:21  Widow Mine, Marine  
  94  7:24  Terran Infantry Armor Level 1  
  94  7:26  Marine  
  94  7:27  SCV, Marauder  
  94  7:29  Barracks, Medivac  
  94  7:33  Barracks  
  94  7:34  SCV  
  94  7:35  Marine  
  93  7:37  Widow Mine  
  93  7:39  SCV  
  92  7:46  Marine  
  92  7:48  Widow Mine  
  92  7:49  Marauder  
  98  7:53  Marauder  
  98  7:54  SCV x2  
  98  7:58  Widow Mine, Marine  
  103  8:00  Supply Depot  
  103  8:01  Viking  
  103  8:03  Viking  
  103  8:05  Marine  
  109  8:06  SCV  
  109  8:09  Marine  
  109  8:10  SCV  
  112  8:17  Barracks Tech Lab, Marauder  
  112  8:18  SCV  
  115  8:24  Marine x2  
  117  8:27  SCV  
  117  8:28  Marauder  
  117  8:29  Barracks Tech Lab, Orbital Command  
  117  8:31  SCV  
  121  8:36  Widow Mine  
  121  8:38  Marauder  
  121  8:39  Widow Mine  
  128  8:42  Supply Depot  
  128  8:43  Marine x2  
  128  8:44  Marine  
  128  8:47  SCV  
  131  8:49  Marine  
  131  8:51  SCV  
  133  9:00  Supply Depot, Marauder, Marine  
  133  9:01  Marine  
  137  9:12  Marauder, Marine  
  137  9:14  Marine  
  137  9:15  Refinery  
  137  9:16  Supply Depot  
  135  9:18  SCV, Marauder  
  135  9:19  Marine  
  135  9:21  Marauder  
  137  9:25  SCV  
  137  9:29  Marine  
  127  9:32  Marauder  
  127  9:33  Marine  
  127  9:35  Widow Mine  
  127  9:36  SCV, Viking  
  127  9:37  Marine  
  131  9:39  Marauder  
  129  9:46  Refinery, Medivac  
  129  9:47  SCV, Marine  
  129  9:51  Marauder  
  131  9:53  Marine  
  131  9:54  Marine  
  131  9:55  Ghost Academy  
  131  9:57  Marine  
  131  9:58  SCV  
  133  10:00  Supply Depot, Marine  
  133  10:03  Command Center  
  133  10:05  Widow Mine  
  133  10:06  Viking  
  138  10:07  Marine  
  138  10:12  Marauder, Marine  
  138  10:13  Marauder  
  144  10:16  Viking  
  144  10:19  Widow Mine  
  149  10:23  Marauder  
  149  10:25  Enhanced Shockwaves  
  149  10:26  Widow Mine  
  149  10:27  Ghost  
  154  10:32  Ghost  
  156  10:37  Marauder  
  156  10:38  Viking  
  156  10:41  Widow Mine  
  162  10:45  Ghost  
  162  10:46  Viking  
  162  10:48  Widow Mine  
  168  10:55  Ghost  
  170  10:57  Ghost  
  170  11:01  Ghost  
  170  11:02  Widow Mine  
  171  11:09  Marine  
  168  11:13  Armory  
  168  11:14  Ghost  
  168  11:15  SCV  
  168  11:17  Engineering Bay  
  159  11:29  SCV  
  159  11:30  SCV  
  166  11:42  Refinery, Starport  
  163  11:43  Refinery  
Tags
 
Add a new tag
Caveats
  • Supply blocks, unpowered buildings, or Contaminate may cause inaccurate times.
  • Supply counts are checked every 10 seconds.